 Dungeon Crawl Stone Soup version 0.28.0-45-g0d030f2227 (webtiles) character file.

Game seed: 17750413290823244508

268 pkoi the Chiller (level 5, -4/38 HPs)
             Began as a Demigod Ice Elementalist on Apr 18, 2022.
             Killed from afar by Blork the orc (7 damage)
             ... with a magic dart
             ... on level 4 of the Dungeon.
             The game lasted 00:04:35 (5486 turns).

pkoi the Chiller (Demigod Ice Elementalist)         Turns: 5486, Time: 00:04:35

Health: -4/38      AC:  4    Str:  9    XL:     5   Next: 68%
Magic:  5/11       EV: 12    Int: 21    God:
Gold:   120        SH:  0    Dex: 14    Spells: 2/9 levels left

rFire   . . .      SeeInvis .   f - +0 dagger
rCold   . . .      Faith    .   (no shield)
rNeg    . . .      Spirit   .   a - +0 robe
rPois   .          Reflect  .   i - +0 helmet
rElec   .          Harm     .   (no cloak)
rCorr   .          Rampage  .   e - +0 pair of gloves
Will    .....                   (no boots)
Stlth   ++........              (no amulet)
HPRegen 0.12/turn               (no ring)
MPRegen 0.12/turn               (no ring)

@: freezing walls
A: high MP 1, forlorn, divine attributes
a: no special abilities


You were on level 4 of the Dungeon.
You visited 1 branch of the dungeon, and saw 4 of its levels.

You collected 120 gold pieces.

Inventory:

Hand Weapons
 f - a +0 dagger (weapon)
Missiles
 b - 64 stones
 g - 2 throwing nets
Armour
 a - a +0 robe (worn)
 e - a +0 pair of gloves (worn)
 i - a +0 helmet (worn)
Scrolls
 c - 3 scrolls of holy word {unknown}
 h - 2 scrolls of immolation
 k - a scroll of fear {unknown}
 m - 5 scrolls of identify
 n - a scroll of noise {unknown}
Potions
 d - a potion of mutation {unknown}
 j - a potion of curing {unknown}
 l - a potion of heal wounds {unknown}
 o - a potion of magic {unknown}


   Skills:
 - Level 1.7 Dodging
 + Level 2.3 Stealth
 + Level 2.6 Spellcasting
 + Level 0.9 Transmutations
 + Level 4.8 Ice Magic
 * Level 3.0 Earth Magic


You had 2 spell levels left.
You knew the following spells:

 Your Spells              Type           Power      Damage    Failure   Level
a - Freeze                Ice            92%        1d10      1%          1
b - Sandblast             Erth           30%        2d9       4%          1
c - Frozen Ramparts       Ice            46%        1d6       5%          3
d - Passwall              Tmut/Erth      9%         N/A       9%          2

Your spell library contained the following spells:

 Spells                   Type           Power      Damage    Failure   Level
 Pain                     Necr           8%         1d4       14%         1
 Ozocubu's Armour         Ice            23%        N/A       5%          3
 Stone Arrow              Conj/Erth      18%        3d8       22%         3
 Hailstorm                Conj/Ice       13%        3d5       45%         4
 Freezing Cloud           Conj/Ice/Air   4%         6-21      89%         5
 Agony                    Necr           2%         N/A       98%         5
 Excruciating Wounds      Necr           1%         N/A       98%         5
 Simulacrum               Ice/Necr       6%         N/A       100%        6
 Polar Vortex             Ice            11%        N/A       100%        9


Dungeon Overview and Level Annotations

Branches:
Dungeon (4/15)
 Temple: D:4-7

Annotations:
D:4 Blork the orc


Innate Abilities, Weirdness & Mutations

You have an increased reservoir of magic. (+10% MP)
You shall have no god before yourself.
Your divine heritage dramatically boosts your attributes as you level up.


Message History

Confirm with . or Enter, or press ? or * to list all spells.
Aiming: Sandblast (safe; 4% risk of failure)
Press: ? - help, Shift-Dir - straight line, f - Blork the orc
Aim: Blork the orc, wielding a +6 trident of freezing and wearing a +2 robe of cold resistance (lightly wounded, fast, 82% to hit)
The blast of sand misses Blork the orc.
b - 66 stones Blork the orc completely resists.
The wall freezes Blork the orc but does no damage.
Blork the orc drinks a potion.
Blork the orc seems to grow stronger.
Casting: Sandblast (safe; 4% risk of failure)
Confirm with . or Enter, or press ? or * to list all spells.
Aiming: Sandblast (safe; 4% risk of failure)
Press: ? - help, Shift-Dir - straight line, f/p - Blork the orc
Aim: Blork the orc, wielding a +6 trident of freezing and wearing a +2 robe of cold resistance (lightly wounded, fast, strong, 82% to hit)
The blast of sand hits Blork the orc.
Blork the orc is moderately wounded.
b - 65 stones Blork the orc resists.
The wall freezes Blork the orc.
Blork the orc hits you from afar with a +6 trident of freezing!
Blork the orc freezes you.
* * * LOW HITPOINT WARNING * * *
Blork the orc resists.
The wall freezes Blork the orc.
Blork the orc hits you from afar with a +6 trident of freezing!!
Ouch! That really hurt!
* * * LOW HITPOINT WARNING * * *
Blork the orc freezes you.
* * * LOW HITPOINT WARNING * * *
Casting: Sandblast (safe; 4% risk of failure)
Confirm with . or Enter, or press ? or * to list all spells.
Aiming: Sandblast (safe; 4% risk of failure)
Press: ? - help, Shift-Dir - straight line, f/p - Blork the orc
Aim: Blork the orc, wielding a +6 trident of freezing and wearing a +2 robe of cold resistance (moderately wounded, fast, strong, 82% to hit)
The blast of sand hits Blork the orc but does no damage.
Blork the orc is moderately wounded.
b - 64 stones Blork the orc completely resists.
The wall freezes Blork the orc but does no damage.
Blork the orc points at you and mumbles some strange words.
The magic dart hits you!
You die...

#.###....# #...
#........# #...
#####....# #...
#...## #... ###.#
#... ####.# #...
#....##### ####
#.##.....########
# #####.@.o....#
########.#


You could see Blork the orc (fast, strong).

Vanquished Creatures
  A scorpion (D:4)
  A jelly (D:4)
  An orc wizard (D:3)
  4 adders
  4 gnolls (D:4)
  An adder skeleton (D:4)
  A dart slug (D:3)
  5 orcs
  4 endoplasms
  5 giant cockroaches
  6 goblins
  6 hobgoblins
  7 jackals
  7 kobolds
  A quokka (D:3)
  4 ball pythons
  4 bats
  4 frilled lizards
  5 rats
71 creatures vanquished.

Vanquished Creatures (others)
  2 plants (D:2)
2 creatures vanquished.

Grand Total: 73 creatures vanquished

Notes
Turn   | Place    | Note
-------+----------+-------------------------------------------
     0 | D:1      | pkoi the Demigod Ice Elementalist began the quest for the
                  | Orb.
     0 | D:1      | Reached XP level 1. HP: 14/14 MP: 5/5
   577 | D:1      | Reached skill level 4 in Ice Magic
   719 | D:1      | Reached XP level 2. HP: 20/20 MP: 1/7
  1448 | D:1      | Learned a level 1 spell: Sandblast
  2137 | D:2      | Reached XP level 3. HP: 26/26 MP: 5/8
  2199 | D:2      | Reached skill level 1 in Earth Magic
  2425 | D:2      | Learned a level 3 spell: Frozen Ramparts
  3725 | D:3      | Reached XP level 4. HP: 33/33 MP: 5/9
  4230 | D:3      | Learned a level 2 spell: Passwall
  4380 | D:3      | Noticed a hell beast
  4748 | D:4      | Reached XP level 5. HP: 26/38 MP: 5/11
  5478 | D:4      | Noticed Blork the orc
  5486 | D:4      | Killed from afar by Blork the orc

Illustrated notes

Levels and vault maps discovered:
D:1:      kennysheep_arrival_forest, layout_loops_ring
D:2:      layout_loops_corners, basic_altar, grunt_ministairs_4,
          serial_bayou_crossing
D:3:      layout_loops_ring, dreamdust_ecumenical_altar_sealed_demon
D:4:      minmay_chambers_of_twos, layout_basic, minmay_misc_feat_alley,
          uniq_blork_the_orc

Skill      XL: |  1  2  3  4  5 |
---------------+----------------+-----
Ice Magic      | 4 |  4.8
Spellcasting   | 2 |  2.6
Earth Magic    | 1 2 3 |  3.0
Stealth        | 2 |  2.3
Dodging        | |  1.7
Transmutations | |  0.9

Action                   |  1- 3 |  4- 6 || total
-------------------------+-------+-------++-------
Melee: Unarmed           |    12 |       ||    12
       Dagger            |     7 |    21 ||    28
 Cast: Freeze            |    69 |    27 ||    96
       Sandblast         |     4 |     6 ||    10
       Frozen Ramparts   |     1 |     4 ||     5
  Use: Scroll            |     2 |       ||     2
Armor: Robe              |    23 |    13 ||    36
Dodge: Dodged            |    50 |    25 ||    75
